 Dungeon Crawl Stone Soup version 0.30-a0-465-g8901f6c8b5 (webtiles) character file.

Game seed: 5783060067826342018

4 demibob the Grasshopper (level 1, 0/13 HPs)
             Began as a Demonspawn Wanderer on Dec 18, 2022.
             Slain by a kobold
             ... wielding a +0 club
              (3 damage)
             ... on level 1 of the Dungeon.
             The game lasted 00:00:29 (165 turns).

demibob the Grasshopper (Demonspawn Wanderer)        Turns: 165, Time: 00:00:30

Health: 0/13       AC:  3    Str:  8    XL:     1   Next: 58%
Magic:  3/3        EV: 12    Int: 16    God:
Gold:   13         SH:  0    Dex: 13    Spells: 4/4 levels left

rFire   . . .      SeeInvis .    a - +0 dagger
rCold   . . .      Faith    .    (no shield)
rNeg    . . .      Spirit   .    c - +0 robe
rPois   .          Reflect  .    d - +0 helmet
rElec   .          Harm     .    (no cloak)
rCorr   .          Rampage  .    (no gloves)
Will    .....                    (no boots)
Stlth   +.........               (no amulet)
HPRegen 0.22/turn                (no ring)
MPRegen 0.08/turn                (no ring)

@: no status effects
A: no striking features
a: no special abilities


You were on level 1 of the Dungeon.
You visited 1 branch of the dungeon, and saw 1 of its levels.

You collected 13 gold pieces.


   Skills:
 + Level 1.0 Short Blades
 - Level 1.0 Throwing
 - Level 1.7 Dodging
 - Level 2.0 Spellcasting
 - Level 3.6 Translocations
 - Level 1.0 Evocations


You had 4 spell levels left.
You didn't know any spells.
Your spell library contained the following spells:

 Spells                   Type           Power      Damage    Failure   Level
 Apportation              Tloc           26%        N/A       4%          1
 Momentum Strike          Conj/Tloc      14%        3d8       16%         2
 Foxfire                  Conj/Fire      4%         2x1d4     21%         1
 Manifold Assault         Tloc           13%        N/A       43%         4
 Hailstorm                Conj/Ice       1%         3d3       52%         3

Inventory:

Hand Weapons
 a - a +0 dagger (weapon)
Armour
 c - a +0 robe (worn)
 d - a +0 helmet (worn)
Scrolls
 f - a scroll of blinking {unknown}
Potions
 b - a potion of lignification
 e - a potion of might {unknown}

Dungeon Overview and Level Annotations

Branches:
Dungeon (1/15)

Altars:

#.......#
#.......#
#.......#
#.......#
#.......#
#.......#
#.......#
#.......#
#@..#####
#####K#..#
#....J##.#
#.........#
....#.#.#.#.#
.#..........#
#.#.....#.#
#. .......# #
#.....# #


You could see an endoplasm and a kobold.


Message History

You are too injured to fight recklessly!
You are too injured to fight recklessly!
You are too injured to fight recklessly!
You are too injured to fight recklessly!
You are too injured to fight recklessly!
You are too injured to fight recklessly!
You are too injured to fight recklessly!
You are too injured to fight recklessly!
You are too injured to fight recklessly!
You are too injured to fight recklessly!
You are too injured to fight recklessly!
The kobold attacks as you move away! The kobold hits you with a +0 club.
* * * LOW HITPOINT WARNING * * *
You closely miss the goblin.
The goblin is severely wounded.
The goblin barely misses you.
The endoplasm jiggles.
You miss the goblin.
The goblin is severely wounded.
The goblin hits you with a +0 dagger of freezing.
* * * LOW HITPOINT WARNING * * *
The goblin freezes you.
* * * LOW HITPOINT WARNING * * *
You hit the goblin.
You kill the goblin!
Your Short Blades skill increases to level 1!
You hit the kobold.
The kobold is moderately wounded.
The kobold hits you with a +0 club.
You die...

Skill      XL: |  1 |
---------------+----+-----
Short Blades   | 1 |  1.0
Throwing       | |  1.0
Dodging        | |  1.7
Spellcasting   | |  2.0
Translocations | |  3.6
Evocations     | |  1.0

Action                   || total
-------------------------++-------
Melee: Dagger            ||    14
 Stab: Sleeping          ||     1
Armor: Robe              ||     2
Dodge: Dodged            ||    13

Levels and vault maps discovered:
D:1:      giann_wishing_wells, layout_basic, wad_floor_pattern_2, st_stairs_2,
          minmay_pentomino_o2

Notes
Turn   | Place    | Note
-------+----------+-------------------------------------------
     0 | D:1      | demibob the Demonspawn Wanderer began the quest for the
                  | Orb.
     0 | D:1      | demibob set off with the following items: a +0 dagger, a
                  | potion of lignification, a +0 robe, a +0 helmet; and the
                  | following spells available to memorise: Apportation,
                  | Momentum Strike, Foxfire, Manifold Assault, Hailstorm.
     0 | D:1      | Reached XP level 1. HP: 13/13 MP: 3/3
   165 | D:1      | Reached skill level 1 in Short Blades
   165 | D:1      | Slain by a kobold

Vanquished Creatures
  A ball python (D:1)
  2 goblins (D:1)
  A frilled lizard (D:1)
4 creatures vanquished.

Table legend: (Time is in decaauts)
 A = Elapsed time spent in this place.
 B = Non-inter-level travel time spent in this place.
 C = Inter-level travel time spent in this place.
 D = Time resting spent in this place.
 E = Time spent auto-exploring this place.
 F = Levels seen in this place.
 G = Mean time per level.
                   A        B        C        D        E       F      G
               +--------+--------+--------+--------+--------+-----+--------+
         Total |    164 |    164 |      0 |      0 |    130 |   1 |  164.0 |
       Dungeon |    164 |    164 |      0 |      0 |    130 |   1 |  164.0 |
               +--------+--------+--------+--------+--------+-----+--------+

Top non-repeatable levels by time:
     D:1: 164 daAuts

Table legend:
 A = Non-vault XP
 B = Vault XP
 C = Vault XP percentage of total XP
 D = Non-vault monster count
 E = Vault monster count
 F = Vault count percentage of total count
                 A         B        C        D         E       F
            +---------+---------+-------+---------+---------+-------
      Total |       7 |       0 |   0.0 |       4 |       0 |   0.0
            +---------+---------+-------+---------+---------+-------
        D:1 |       7 |       0 |   0.0 |       4 |       0 |   0.0
            +---------+---------+-------+---------+---------+-------
